[Event "Team 45 45 League T38"]
[Site "Internet Chess Club"]
[Date "2008.08.16"]
[Round "4"]
[White "sacredpawn"]
[Black "Fidius"]
[Result "0-1"]
[WhiteElo "1871"]
[BlackElo "1961"]
[Opening "Scandinavian defense"]
[ECO "B01"]
[Time "14:07:43"]
[TimeControl "2700+45"]

1. e4 d5 2. exd5 Nf6 3. Be2 Nxd5 4. Nf3 Nc6 5. d3 e5 6. Be3 Nxe3 7. fxe3 Bc5 8.
e4 O-O 9. h3 f5 10. Nc3 Nd4 11. Rf1 Nxf3+ 12. Bxf3 Qh4+ 13. Ke2 Be6 14. Qe1 Qg5
15. Qd2 Qe7 16. a3 c6 17. Na4 fxe4 18. Bxe4 Bd5 19. Bxd5+ cxd5 20. Nxc5 Qxc5 21.
b4 Qe7 22. Qe3 Rxf1 23. Rxf1 Rc8 24. Qxa7 Rxc2+ 25. Kd1 Rc8 26. Qf2 e4 27. dxe4
dxe4 28. Qa2+ Kh8 29. Rf7 Qd6+ 30. Ke2 Qd3+ 31. Ke1 Rc1+ 32. Kf2 e3+ 33. Kg3 e2+
34. Kf4 Rc4+ 35. Kg5 Qd5+ 36. Rf5 h6+ 37. Kg6 Rc6+ {White resigns} 0-1

[Event "Team 45 45 League T38"]
[Site "Internet Chess Club"]
[Date "2008.08.16"]
[Round "4"]
[White "hewdondada"]
[Black "thecheckmater"]
[Result "1-0"]
[WhiteElo "1873"]
[BlackElo "1704"]
[Opening "QGD: exchange, positional line"]
[ECO "D35"]
[Time "15:00:30"]
[TimeControl "2700+45"]

1. d4 d5 2. c4 e6 3. Nc3 Nf6 4. cxd5 exd5 5. Bg5 Be7 6. Qc2 O-O 7. Nf3 c6 8. e3
h6 9. Bxf6 Bxf6 10. b4 Be6 11. Bd3 Nd7 12. O-O Qb6 13. Rab1 Qc7 14. Na4 Be7 15.
Rfc1 Nb6 16. Ne5 Nxa4 17. Qxa4 Bd6 18. f4 Bxe5 19. dxe5 Qb6 20. Rc5 g6 21. Rbc1
a6 22. Qa5 Qxa5 23. Rxa5 Bd7 24. Kf2 Kg7 25. e4 dxe4 26. Bxe4 Rfd8 27. Ke3 Be6
28. h3 h5 29. Rc2 Rd7 30. Ra3 Rad8 31. Rd3 Rxd3+ 32. Bxd3 f6 33. Rd2 Kf7 34.
Bxg6+ Ke7 35. exf6+ {Black resigns} 1-0

[Event "Team 45 45 League T38"]
[Site "Internet Chess Club"]
[Date "2008.08.18"]
[Round "4"]
[White "RD1974"]
[Black "jessecai"]
[Result "0-1"]
[WhiteElo "1578"]
[BlackElo "1652"]
[Opening "Bishop's opening: Berlin defense"]
[ECO "C24"]
[Time "12:01:36"]
[TimeControl "2700+45"]

1. e4 e5 2. Bc4 Nf6 3. d3 Nc6 4. Nc3 Be7 5. f4 d6 6. f5 a6 7. a3 b5 8. Ba2 Bb7
9. Nf3 O-O 10. Qe2 Nd4 11. Nxd4 exd4 12. Nd1 Re8 13. O-O c6 14. g4 Nd7 15. Bf4
Ne5 16. Qg2 Bg5 17. Qg3 h6 18. Nf2 Bxf4 19. Qxf4 Qh4 20. h3 Qg5 21. Qxg5 hxg5
22. Nh1 Kf8 23. Ng3 c5 24. Nh5 f6 25. Be6 Rad8 26. Kg2 d5 27. Ng3 c4 28. Rad1
dxe4 29. Nxe4 cxd3 30. cxd3 Nxd3 31. Kf3 Ne5+ 32. Ke2 Bxe4 33. Rc1 Bd3+ 34. Kf2
Bxf1 35. Kxf1 d3 36. Rd1 Nc4 37. Bxc4 bxc4 38. Rd2 Re3 {White resigns} 0-1

[Event "Team 45 45 League T38"]
[Site "Internet Chess Club"]
[Date "2008.08.18"]
[Round "4"]
[White "natethegreat"]
[Black "xakelari"]
[Result "0-1"]
[WhiteElo "1765"]
[BlackElo "2089"]
[Opening "Giuoco Piano"]
[ECO "C54"]
[Time "15:30:23"]
[TimeControl "2700+45"]

1. e4 e5 2. Nf3 Nc6 3. Bc4 Bc5 4. c3 Nf6 5. d4 exd4 6. cxd4 Bb4+ 7. Bd2 Nxe4 8.
Bxb4 Nxb4 9. Bxf7+ Kxf7 10. Qb3+ Kf8 11. Qxb4+ Qe7 12. Qxe7+ Kxe7 13. O-O Re8
14. Re1 Kf8 15. Nc3 Nxc3 16. Rxe8+ Kxe8 17. Re1+ Kf8 18. bxc3 d6 19. Re4 h6 20.
Nh4 Kf7 21. Rf4+ Kg8 22. Ng6 Bd7 23. Ne7+ Kh7 24. d5 Re8 25. Rf7 Bg4 26. f3 Bh5
27. Rf5 Rxe7 28. Rxh5 Re2 29. Rh4 Rxa2 30. Rc4 Rb2 31. Rxc7 a5 32. Rc8 a4 33.
Ra8 b5 34. Ra6 Rd2 35. Rxd6 a3 36. Ra6 a2 37. d6 Rd1+ 38. Kf2 a1=Q 39. Rxa1 Rxa1
40. Ke2 Ra6 41. Kd2 Rxd6+ 42. Kc2 Kg6 43. Kb3 Kf5 44. g3 h5 45. Kb4 Rd5 {White
resigns} 0-1

[Event "Team 45 45 League T38"]
[Site "Internet Chess Club"]
[Date "2008.08.17"]
[Round "4"]
[White "IceBox"]
[Black "vkpanch"]
[Result "1/2-1/2"]
[WhiteElo "1697"]
[BlackElo "1652"]
[Opening "English: Bremen system, Keres variation"]
[ECO "A23"]
[Time "13:01:09"]
[TimeControl "2700+45"]

1. c4 e5 2. Nc3 Nf6 3. g3 c6 4. d4 e4 5. c5 b6 6. b4 a5 7. Bg2 axb4 8. Nxe4 Nxe4
9. Bxe4 bxc5 10. dxc5 Bxc5 11. Bb2 Qg5 12. Qc2 f6 13. Bxh7 Be7 14. Nf3 Qa5 15.
Bg6+ Kd8 16. O-O Ba6 17. Rfd1 Kc7 18. Rd2 Qc5 19. Qd1 Rh6 20. Bd4 Qa5 21. Bf7
Bb5 22. Be3 g5 23. h4 Rh7 24. Bg6 Rg7 25. Be8 d6 26. hxg5 fxg5 27. Nd4 Rh7 28.
Ne6+ Kb7 29. Qc2 Rh6 30. Nxg5 Ba4 31. Qe4 Bxg5 32. Bxg5 Qxg5 33. Qxb4+ Qb5 34.
Qd4 Re6 35. Rb2 Rxe8 36. Rxb5+ Bxb5 37. e3 d5 38. a4 Bc4 39. Qg7+ Kc8 {Game
drawn by mutual agreement} 1/2-1/2

[Event "Team 45 45 League T38"]
[Site "Internet Chess Club"]
[Date "2008.08.18"]
[Round "4"]
[White "avila"]
[Black "alexcluster"]
[Result "1-0"]
[WhiteElo "1767"]
[BlackElo "1663"]
[Opening "Sicilian: Najdorf, Byrne (English) attack"]
[ECO "B90"]
[Time "16:19:01"]
[TimeControl "2700+45"]

1. e4 c5 2. Nf3 d6 3. d4 cxd4 4. Nxd4 Nf6 5. Nc3 a6 6. Be3 e6 7. Be2 Be7 8. O-O
Qc7 9. f4 Bd7 10. a4 Nc6 11. Qd3 Nxd4 12. Bxd4 Bc6 13. Qe3 e5 14. Bb6 Qc8 15.
Rad1 h5 16. h3 Nd7 17. Rd2 Nxb6 18. Qxb6 Qd8 19. Qb3 Qa5 20. fxe5 Qxe5 21. Qxf7+
Kd8 22. Qf5 Qxf5 23. Rxf5 g6 24. Rf1 Kc7 25. Nd5+ Bxd5 26. Rxd5 Rhf8 27. Rdd1
Bf6 28. b3 Be5 29. Bc4 g5 30. Rf5 Rxf5 31. exf5 Rf8 32. Be6 h4 33. Kf2 Rd8 34.
Kf3 Bf4 35. Ke4 Rf8 36. Kd5 Rf6 37. Rd3 Be5 38. c4 b6 39. b4 Rf8 40. c5 bxc5 41.
bxc5 Rd8 42. Rb3 Bf4 43. c6 Rb8 44. Rxb8 Kxb8 45. f6 Be5 46. f7 Bg7 47. Kxd6
Bf8+ 48. Kd7 {Black resigns} 1-0

[Event "Team 45 45 League T38"]
[Site "Internet Chess Club"]
[Date "2008.08.19"]
[Round "4"]
[White "Dbronstein06"]
[Black "sakschess"]
[Result "1/2-1/2"]
[WhiteElo "1677"]
[BlackElo "1614"]
[Opening "Ruy Lopez: classical defense, Benelux variation"]
[ECO "C64"]
[Time "20:35:05"]
[TimeControl "2700+45"]

1. e4 e5 2. Nf3 Nc6 3. Bb5 Bc5 4. O-O Nf6 5. c3 O-O 6. d4 Bb6 7. Re1 exd4 8.
cxd4 d5 9. e5 Ne4 10. Nc3 Bf5 11. Bxc6 bxc6 12. Nxe4 dxe4 13. Ng5 Qxd4 14. Qxd4
Bxd4 15. Nxe4 Bxe5 16. Ng3 Bxg3 17. hxg3 Rfe8 18. Bf4 h5 19. Bxc7 Be6 {Game
drawn by mutual agreement} 1/2-1/2

[Event "Team 45 45 League T38"]
[Site "Internet Chess Club"]
[Date "2008.08.14"]
[Round "4"]
[White "DFME"]
[Black "Nosferatu1"]
[Result "0-1"]
[WhiteElo "1704"]
[BlackElo "1912"]
[Opening "Sicilian defense"]
[ECO "B40"]
[Time "18:57:15"]
[TimeControl "2700+45"]

1. e4 c5 2. Nf3 e6 3. Nc3 d6 4. d4 cxd4 5. Nxd4 Nc6 6. Bb5 Bd7 7. O-O Nf6 8. Bg5
Be7 9. Qd2 a6 10. Nxc6 Bxc6 11. Bxc6+ bxc6 12. Bxf6 Bxf6 13. Rad1 Be7 14. Rfe1
O-O 15. Qd4 Rb8 16. Ne2 c5 17. Qc3 Bf6 18. Qd3 Rxb2 19. Qxa6 Rxc2 20. Rxd6 Qa8
21. Qxa8 Rxa8 22. Nc1 Bd4 23. Rf1 Kf8 24. Nb3 e5 25. Nxd4 cxd4 26. Ra1 Raxa2 27.
Rxa2 Rc1# {White checkmated} 0-1

[Event "Team 45 45 League T38"]
[Site "Internet Chess Club"]
[Date "2008.08.16"]
[Round "4"]
[White "AVEMARIA"]
[Black "pishd"]
[Result "0-1"]
[WhiteElo "1741"]
[BlackElo "1850"]
[Opening "Caro-Kann: advance variation"]
[ECO "B12"]
[Time "12:07:25"]
[TimeControl "2700+45"]

1. e4 c6 2. d4 d5 3. e5 c5 4. dxc5 e6 5. Be3 Nh6 6. Nf3 Nf5 7. Bb5+ Bd7 8. Bxd7+
Nxd7 9. Bg5 Qc7 10. b4 Nxe5 11. O-O Nc4 12. Nbd2 h6 13. Nxc4 hxg5 14. Ne3 Nxe3
15. fxe3 g4 16. Nd4 Qxh2+ 17. Kf2 Qh4+ 18. Ke2 Qg3 19. Rf2 Be7 20. Qd3 O-O 21.
Raf1 Bh4 22. Kd2 Qc7 23. Rh1 Qg3 24. Re2 Rfe8 25. Kc1 g6 26. e4 Bg5+ 27. Kb1
Qxd3 28. cxd3 dxe4 29. Rxe4 Red8 30. Rxg4 Bf6 31. Nb5 Rxd3 32. Nd6 Rd2 33. Nc4
Rf2 34. Rd1 Rd8 35. Rxd8+ Bxd8 36. b5 Rf5 37. Nd6 Rxc5 38. a4 b6 39. Rf4 f5 40.
Nb7 e5 41. Nxc5 exf4 42. Ne6 Be7 43. Nxf4 Kf7 44. Kc2 g5 45. Nd5 Bd6 46. Kd3 Ke6
47. Ne3 Bc5 48. Nc4 Kd5 49. a5 Bg1 50. axb6 Bxb6 51. Ne3+ Bxe3 52. Kxe3 Kc5 53.
g3 Kxb5 54. Kd4 a5 55. Ke5 {White resigns} 0-1

[Event "Team 45 45 League T38"]
[Site "Internet Chess Club"]
[Date "2008.08.18"]
[Round "4"]
[White "Bill-W"]
[Black "hondocando"]
[Result "0-1"]
[WhiteElo "1688"]
[BlackElo "1697"]
[Opening "Scotch gambit: Dubois-Réti defense"]
[ECO "C55"]
[Time "15:00:11"]
[TimeControl "2700+45"]

1. e4 e5 2. Nf3 Nc6 3. d4 exd4 4. Bc4 Nf6 5. e5 Ng4 6. Qe2 Qe7 7. Bf4 f6 8. exf6
Qxe2+ 9. Bxe2 d6 10. fxg7 Bxg7 11. Nbd2 Bf5 12. h3 Nge5 13. Nxe5 dxe5 14. Bh5+
Kd7 15. Bg5 Bxc2 16. Bg4+ Ke8 17. O-O Bg6 18. f4 h6 19. Bh4 h5 20. Bf3 exf4 21.
Bxc6+ bxc6 22. Rae1+ Kf8 23. Rxf4+ Kg8 24. Re6 Be8 25. Ne4 Rh6 26. Nc5 Rxe6 27.
Nxe6 Bf7 28. Nxd4 Bh6 29. Re4 Bd5 30. Re5 Bxa2 31. Nxc6 Bf7 32. Bf2 a6 33. Bd4
Re8 34. Ne7+ Kh7 35. Bc5 Bg7 36. Rf5 Bg6 37. Rg5 Bf7 38. b4 Bf6 39. Rf5 Kg7 40.
Nd5 Bd8 41. Bd4+ Kg6 42. Rxf7 Kxf7 43. Bc5 h4 44. Kf2 c6 45. Ne3 Be7 46. Bxe7
Rxe7 47. Nf5 Re5 48. Nxh4 Rb5 49. Nf3 Rxb4 50. Ne5+ Kg7 51. Nxc6 Rb2+ 52. Kf3
Ra2 53. g4 a5 54. h4 a4 55. Kf4 a3 56. Kg5 Rb2 57. h5 a2 58. h6+ Kh7 59. Ne5
a1=Q 60. Nd7 Qc1+ 61. Kf5 Qxh6 62. Nf6+ Kg7 63. Nh5+ Kf7 64. Ng3 Rb5+ 65. Ke4
Rb4+ 66. Kd5 Rxg4 67. Nf5 Qe6+ 68. Kc5 Qxf5+ 69. Kd6 Rd4+ 70. Kc6 Qd7+ 71. Kc5
Qd5+ 72. Kb6 Rb4+ 73. Kc7 Ke7 74. Kc8 Qd7# {White checkmated} 0-1

[Event "Team 45 45 League T38"]
[Site "Internet Chess Club"]
[Date "2008.08.19"]
[Round "4"]
[White "mongmong"]
[Black "jacknor"]
[Result "1-0"]
[WhiteElo "1641"]
[BlackElo "1591"]
[Opening "Queen's pawn: Yusupov-Rubinstein system"]
[ECO "A46"]
[Time "19:38:14"]
[TimeControl "2700+45"]

1. d4 Nf6 2. Nf3 e6 3. e3 b6 4. b3 Bb7 5. Bd3 c5 6. Nbd2 Be7 7. Bb2 cxd4 8. exd4
d5 9. O-O Ba6 10. Bxa6 Nxa6 11. Qe2 Nc7 12. Ne5 Qd6 13. c4 dxc4 14. Ndxc4 Qd5
15. Ne3 Qb7 16. Rfc1 O-O 17. Rc2 Ncd5 18. Rac1 Rac8 19. a3 Nxe3 20. fxe3 Bd6 21.
Nf3 Rxc2 22. Rxc2 Rc8 23. Rxc8+ Qxc8 24. e4 Bb8 25. e5 Nd5 26. Qc4 Qc7 27. Kf2
h5 28. Qxc7 Bxc7 29. g3 b5 30. Ke2 a6 31. Kd3 f5 32. Ng5 h4 33. Nxe6 hxg3 34.
hxg3 Kf7 35. Nf4 g5 36. Nxd5 Bb8 37. Nb4 Kg6 38. Nxa6 Ba7 39. Nc7 f4 40. gxf4
gxf4 41. Ke2 Kf5 42. Kf3 {Black resigns} 1-0

[Event "Team 45 45 League T38"]
[Site "Internet Chess Club"]
[Date "2008.08.18"]
[Round "4"]
[White "frontier"]
[Black "Gregorio"]
[Result "1-0"]
[WhiteElo "2159"]
[BlackElo "2077"]
[Opening "English: four knights, Nimzovich variation"]
[ECO "A28"]
[Time "22:35:08"]
[TimeControl "2700+45"]

1. c4 Nf6 2. Nc3 e5 3. Nf3 Nc6 4. e4 Bc5 5. Nxe5 Nxe5 6. d4 Bxd4 7. Qxd4 Qe7 8.
Bg5 c6 9. O-O-O Qe6 10. f4 Neg4 11. h3 Nh6 12. f5 c5 13. Qxc5 Qc6 14. Qe5+ Kf8
15. Rd6 Qc7 16. Bxf6 gxf6 17. Qxf6 Ng8 18. Qe5 Qb8 19. c5 f6 20. Rxf6+ {Black
resigns} 1-0

[Event "Team 45 45 League T38"]
[Site "Internet Chess Club"]
[Date "2008.08.16"]
[Round "4"]
[White "Petrozjan"]
[Black "chsrules88"]
[Result "1-0"]
[WhiteElo "2120"]
[BlackElo "2067"]
[Opening "Queen's pawn game, Chigorin variation"]
[ECO "D02"]
[Time "14:08:30"]
[TimeControl "2700+45"]

1. d4 d5 2. Nf3 Nc6 3. c4 Bg4 4. Nc3 Nf6 5. cxd5 Bxf3 6. gxf3 Nxd5 7. e4 Nxc3 8.
bxc3 e5 9. Rb1 exd4 10. Qa4 Qf6 11. Rxb7 d3 12. Bd2 Bc5 13. Rxc7 O-O 14. Rxc6
Qxf3 15. Rxc5 Rfb8 16. Rb5 Rxb5 17. Qxb5 Qxe4+ 18. Be3 Qxh1 19. Qxd3 Qxh2 20.
Qd5 Qb8 21. Bd3 Qe8 22. Ke2 g6 23. Bb5 Qf8 24. a4 h5 25. Qe5 Kh7 26. Bd3 Kg8 27.
a5 Re8 28. Qd4 Re7 29. c4 Qc8 30. c5 Re8 31. a6 Rd8 32. Qc4 Qc6 33. Be4 Qd7 34.
Qb3 Qc8 35. Bb7 Qg4+ 36. Bf3 Qg1 37. c6 Qa1 38. Bd5 Qxa6+ 39. Kf3 Qf1 40. c7
Qh3+ 41. Ke2 Rf8 42. Qb8 Qf5 43. Bb7 Qb5+ 44. Kf3 Qf5+ 45. Bf4 Qg4+ 46. Ke3 Qe6+
47. Kd2 Qa2+ 48. Ke1 Qb1+ 49. Ke2 Qc2+ 50. Kf3 Qd1+ 51. Kg2 Qg4+ 52. Bg3 h4 53.
Qxf8+ Kxf8 54. c8=Q+ Qxc8 55. Bd6+ Kg7 56. Bxc8 g5 57. Kh3 a5 58. Kg4 f6 59. Bd7
Kf7 60. Kf5 h3 61. Be6+ Kg7 62. Kg4 Kg6 63. Bf5+ Kf7 64. Kxh3 Ke8 65. Kg4 Kf7
66. Ba3 Kg7 67. Bd7 Kg6 68. Be8+ Kg7 69. Kf5 g4 70. Bb2 Kf8 71. Ba4 Ke7 72.
Bxf6+ Kf7 73. Bb3+ Ke8 74. Ke6 Kf8 75. Bc2 Kg8 76. Bd4 Kf8 77. Bf6 Kg8 78. Ba4
Kh7 79. Kf7 Kh6 80. Bd1 a4 81. Bxg4 a3 82. f4 Kh7 83. Bg7 a2 84. Bf5# {Black
checkmated} 1-0

[Event "Team 45 45 League T38"]
[Site "Internet Chess Club"]
[Date "2008.08.18"]
[Round "4"]
[White "Atwode"]
[Black "Harmonicus"]
[Result "1-0"]
[WhiteElo "1985"]
[BlackElo "1878"]
[Opening "Bishop's opening: Berlin defense"]
[ECO "C24"]
[Time "10:30:06"]
[TimeControl "2700+45"]

1. e4 e5 2. Bc4 Nf6 3. d3 Nc6 4. Nc3 Bb4 5. Ne2 d5 6. exd5 Nxd5 7. O-O Nxc3 8.
bxc3 Bd6 9. Ng3 Na5 10. Bd5 c6 11. Be4 g6 12. f4 f5 13. fxe5 Bxe5 14. Nxf5 Bxf5
15. Bxf5 O-O 16. Be6+ Kh8 17. d4 Bxh2+ 18. Kxh2 Qd6+ 19. Kg1 Qxe6 20. Bf4 Nc4
21. Qd3 b5 22. Rae1 Qd7 23. Re2 Rae8 24. Ref2 Kg8 25. Qg3 Qg7 26. Qh4 h5 27. g4
Rxf4 28. Rxf4 g5 29. Qxh5 Re1 30. Rxe1 gxf4 {Black resigns} 1-0

[Event "Team 45 45 League T38"]
[Site "Internet Chess Club"]
[Date "2008.08.18"]
[Round "4"]
[White "miltools"]
[Black "netshooter"]
[Result "1/2-1/2"]
[WhiteElo "1945"]
[BlackElo "1831"]
[Opening "Vienna game"]
[ECO "C26"]
[Time "09:13:52"]
[TimeControl "2700+45"]

1. e4 e5 2. Bc4 Nf6 3. Nc3 Bc5 4. d3 Nc6 5. Be3 Bb6 6. Nge2 d6 7. O-O Be6 8.
Bxe6 fxe6 9. Bxb6 axb6 10. f4 O-O 11. fxe5 Nxe5 12. h3 Ng6 13. Qd2 Qe7 14. a3
Rad8 15. Qe3 c5 16. Nf4 Nxf4 17. Rxf4 Nh5 18. Rff1 Qh4 19. Nb5 d5 20. exd5 exd5
21. Qe6+ Kh8 22. Nd6 Nf4 23. Nf7+ Rxf7 24. Qxf7 Nxh3+ 25. gxh3 Qg3+ 26. Kh1
Qxh3+ 27. Kg1 Qg3+ 28. Kh1 Qh3+ 29. Kg1 Qg3+ 30. Kh1 {Game drawn by mutual
agreement} 1/2-1/2

[Event "Team 45 45 League T38"]
[Site "Internet Chess Club"]
[Date "2008.08.15"]
[Round "4"]
[White "eurander"]
[Black "Marlboromike"]
[Result "1-0"]
[WhiteElo "2170"]
[BlackElo "1981"]
[Opening "Nimzo-Indian: 4.e3 c5, 5.Ne2 (Rubinstein, anti-Hübner system)"]
[ECO "E42"]
[Time "15:00:07"]
[TimeControl "2700+45"]

1. d4 Nf6 2. c4 e6 3. Nc3 Bb4 4. e3 c5 5. Ne2 cxd4 6. exd4 d5 7. a3 Be7 8. Nf4
O-O 9. Be3 Na6 10. cxd5 exd5 11. Bd3 Nc7 12. O-O Ne6 13. Rc1 a6 14. Qb3 Nxf4 15.
Bxf4 b5 16. Rc2 Bd6 17. Bxd6 Qxd6 18. Ne2 Be6 19. Rfc1 Rfc8 20. Rc5 Rxc5 21.
dxc5 Qe5 22. Qc3 Qxc3 23. Rxc3 Rc8 24. Nd4 Nd7 25. f4 Rxc5 26. f5 Rxc3 27. bxc3
Nc5 28. fxe6 fxe6 29. Bc2 e5 30. Nc6 e4 31. Ne7+ Kf7 32. Nxd5 Ke6 33. Ne3 Ke5
34. Kf2 Ne6 35. Nf1 Kd5 36. Nd2 Nc5 37. Ke3 a5 38. Bxe4+ Nxe4 39. Nxe4 Kc4 40.
Kd2 Kb3 41. Nd6 Kxa3 42. Nxb5+ Kb3 43. Kd3 a4 44. Kd4 g5 45. c4 Kb4 46. g4 h6
47. h3 Ka5 {Black resigns} 1-0

[Event "Team 45 45 League T38"]
[Site "Internet Chess Club"]
[Date "2008.08.14"]
[Round "4"]
[White "Despair"]
[Black "ghostfire"]
[Result "1-0"]
[WhiteElo "1944"]
[BlackElo "1812"]
[Opening "Benko's opening"]
[ECO "A00"]
[Time "07:48:42"]
[TimeControl "2700+45"]

1. g3 c5 2. Bg2 g6 3. c3 Nc6 4. Nf3 Bg7 5. O-O d6 6. e4 Nf6 7. Qe2 O-O 8. d4
cxd4 9. Nxd4 Rb8 10. Be3 Bg4 11. f3 Nxd4 12. Bxd4 Be6 13. Bxa7 Ra8 14. Be3 Rxa2
15. Rxa2 Bxa2 16. Nd2 Be6 17. Ra1 Qc7 18. Ra7 Rb8 19. Qb5 Bd7 20. Qb4 Bc6 21.
Nb3 Nd7 22. Nd4 Qc8 23. Bh3 Qc7 24. Qb3 Nc5 25. Qb4 Na6 26. Qc4 Qb6 27. Nf5 Qxb2
28. Nxe7+ Kf8 29. Nxc6 bxc6 30. Qxf7# {Black checkmated} 1-0

[Event "Team 45 45 League T38"]
[Site "Internet Chess Club"]
[Date "2008.08.17"]
[Round "4"]
[White "tourettes"]
[Black "MaunaKeaMike"]
[Result "1-0"]
[WhiteElo "1716"]
[BlackElo "1829"]
[Opening "French: King's Indian attack"]
[ECO "C00"]
[Time "11:50:15"]
[TimeControl "2700+45"]

1. e4 e6 2. d3 d5 3. Nd2 c5 4. Ngf3 Nc6 5. g3 g6 6. Qe2 dxe4 7. dxe4 e5 8. Bg2
Bg7 9. Nc4 b5 10. Ne3 a6 11. O-O Nd4 12. Nxd4 cxd4 13. Rd1 Ne7 14. c3 Nc6 15.
Nd5 O-O 16. h4 h5 17. a4 bxa4 18. Bg5 f6 19. Bd2 Rb8 20. Rxa4 Rxb2 21. Qc4 Na5
22. Qxc8 Qxc8 23. Ne7+ Kh7 24. Nxc8 Rxc8 25. Rxa5 dxc3 26. Bc1 c2 27. Re1 Rb1
28. Bh3 Rc7 29. f4 exf4 30. gxf4 Bh6 31. Kf2 Bxf4 32. Bxf4 Rxe1 33. Kxe1 c1=Q+
34. Bxc1 Rxc1+ 35. Kd2 Rh1 36. Ra3 Rh2+ 37. Ke1 g5 38. Bf5+ Kg7 39. hxg5 fxg5
40. Rxa6 g4 41. e5 g3 42. Rg6+ Kf7 43. e6+ Ke7 44. Rxg3 Rh4 45. Rg7+ Kf6 46.
Rf7+ Kg5 47. e7 Rh1+ 48. Kf2 Rh2+ 49. Kf3 Rh1 50. e8=Q Rf1+ 51. Kg2 Rxf5 52.
Rxf5+ Kxf5 53. Qxh5+ {Black resigns} 1-0

[Event "Team 45 45 League T38"]
[Site "Internet Chess Club"]
[Date "2008.08.16"]
[Round "4"]
[White "jazzpiano"]
[Black "crankn8tr"]
[Result "1/2-1/2"]
[WhiteElo "1807"]
[BlackElo "1609"]
[Opening "Sicilian: Smith-Morra gambit"]
[ECO "B21"]
[Time "15:20:29"]
[TimeControl "2700+45"]

1. e4 c5 2. d4 cxd4 3. c3 dxc3 4. Nxc3 Nc6 5. Nf3 d6 6. Bc4 e6 7. O-O Be7 8. Qe2
a6 9. Rd1 Bd7 10. Bf4 e5 11. Be3 Nf6 12. Rac1 O-O 13. Bg5 Rc8 14. Bxf6 Bxf6 15.
Nd5 {Game drawn by mutual agreement} 1/2-1/2

[Event "Team 45 45 League T38"]
[Site "Internet Chess Club"]
[Date "2008.08.17"]
[Round "4"]
[White "Fezzik"]
[Black "chiiwen"]
[Result "0-1"]
[WhiteElo "1961"]
[BlackElo "2112"]
[Opening "Dutch: Leningrad, main variation"]
[ECO "A87"]
[Time "22:40:49"]
[TimeControl "2700+45"]

1. d4 f5 2. g3 Nf6 3. Bg2 g6 4. Nf3 Bg7 5. c4 d6 6. Nc3 O-O 7. O-O Qe8 8. d5 Na6
9. Rb1 c5 10. dxc6 bxc6 11. b4 Rb8 12. b5 cxb5 13. cxb5 Nc5 14. Nd4 Nfe4 15.
Nxe4 fxe4 16. Nc6 Rb7 17. Be3 Rf5 18. Bxc5 Rxc5 19. Bxe4 Rbxb5 20. Rxb5 Rxb5 21.
Nxa7 Rc5 22. Qb3+ Kh8 23. Nxc8 Qxc8 24. Qc4 Rxc4 {White resigns} 0-1

[Event "Team 45 45 League T38"]
[Site "Internet Chess Club"]
[Date "2008.08.19"]
[Round "4"]
[White "upsan"]
[Black "DavidBarnsley"]
[Result "0-1"]
[WhiteElo "1908"]
[BlackElo "2050"]
[Opening "French: Tarrasch"]
[ECO "C03"]
[Time "15:03:51"]
[TimeControl "2700+45"]

1. e4 e6 2. d4 d5 3. Nd2 Be7 4. Ngf3 Nf6 5. Bd3 c5 6. exd5 exd5 7. dxc5 O-O 8.
O-O Bxc5 9. Nb3 Bb6 10. h3 Nc6 11. Bg5 h6 12. Bh4 Qd6 13. Kh1 Nh5 14. c4 Bc7 15.
cxd5 Ne5 16. Nxe5 Qxe5 17. f4 Nxf4 18. Bg3 Qg5 19. Bxf4 Bxf4 20. Qf3 Be5 21. Qe4
g6 22. Nd4 Qg3 23. Nf3 Bxb2 24. Rad1 b6 25. d6 Bf5 26. Qd5 Be6 27. Qb5 Ba3 28.
d7 Rad8 29. Qa4 Bd6 30. Bb5 a6 31. Bc6 Bxh3 32. gxh3 Qxh3+ 33. Kg1 Bc5+ 34. Nd4
Qe3+ 35. Kg2 b5 36. Qxa6 Bxd4 37. Qxb5 Rb8 38. Bb7 Rxb7 39. Qxb7 Qe2+ 40. Kh1
Qh5+ 41. Kg2 Qg4+ 42. Kh2 Be5+ 43. Kh1 Qh3+ {White resigns} 0-1

[Event "Team 45 45 League T38"]
[Site "Internet Chess Club"]
[Date "2008.08.18"]
[Round "4"]
[White "Knight77"]
[Black "QueensCounselor"]
[Result "1-0"]
[WhiteElo "1878"]
[BlackElo "1870"]
[Opening "Réti opening"]
[ECO "A05"]
[Time "09:58:40"]
[TimeControl "2700+45"]

1. Nf3 Nf6 2. d3 d5 3. g3 g6 4. Bg2 Bg7 5. Nbd2 c5 6. O-O O-O 7. e4 Nc6 8. c3 d4
9. Nb3 Nd7 10. cxd4 cxd4 11. Bd2 e5 12. Rc1 Qe7 13. a3 a5 14. Qc2 a4 15. Nc5
Nxc5 16. Qxc5 Qxc5 17. Rxc5 Bd7 18. Rfc1 Rfc8 19. Rd5 Be6 20. Rb5 Rab8 21. Ng5
Bb3 22. Bh3 Rd8 23. f4 h6 24. Nf3 f6 25. Kf2 Rd6 26. Rb6 Rdd8 27. Ke2 Kh7 28.
fxe5 fxe5 29. Rc5 Rf8 30. Bd7 Rf6 31. Rcxc6 Rxf3 32. Rxg6 Rbf8 33. Rxg7+ Kxg7
34. Bxh6+ Kg8 35. Bxf8 Rxf8 36. h4 Kg7 37. Bf5 Rf7 38. h5 Rc7 39. h6+ Kh8 40.
Rd6 Rc2+ 41. Kf3 Bg8 42. Rd8 {Black resigns} 1-0

[Event "Team 45 45 League T38"]
[Site "Internet Chess Club"]
[Date "2008.08.16"]
[Round "4"]
[White "cer7"]
[Black "bobhill"]
[Result "1-0"]
[WhiteElo "2083"]
[BlackElo "2105"]
[Opening "Sicilian: Alapin's variation (2.c3)"]
[ECO "B22"]
[Time "10:07:37"]
[TimeControl "2700+45"]

1. e4 c5 2. c3 d5 3. exd5 Qxd5 4. d4 Nf6 5. Nf3 Bg4 6. dxc5 Qxd1+ 7. Kxd1 Ne4 8.
Be3 e6 9. b4 Be7 10. Kc2 Bf6 11. Bb5+ Ke7 12. Nd4 e5 13. Nb3 Bf5 14. Kb2 a6 15.
Be2 Nc6 16. f3 Ng5 17. h4 Ne6 18. g4 Bxb1 19. Raxb1 g6 20. a3 Rhd8 21. Nd2 Nf4
22. Bxf4 exf4 23. Ne4 Bg7 24. Rbd1 Ne5 25. Rd6 f5 26. gxf5 gxf5 27. Rxd8 Rxd8
28. Nd6 Ke6 29. Kb3 Rd7 30. Re1 Kf6 31. Bc4 Nxc4 32. Kxc4 Bf8 33. Kd5 Kg6 34.
Re6+ Kh5 35. Ke5 Bg7+ 36. Kxf4 Bxc3 37. Nxf5 Bd2+ 38. Kg3 Rf7 39. Ne3 Be1+ 40.
Kg2 Bxh4 41. Ng4 Bg5 42. Rb6 Bc1 43. a4 Kg5 44. Ne5 Rg7 45. Nc4 Kf5+ 46. Kf2 h5
47. Nd6+ Kf4 48. Rxb7 Be3+ 49. Ke2 Rg2+ 50. Kd3 Rd2+ 51. Kc3 Kxf3 52. Rf7+ Ke2
53. Ne4 Rd3+ 54. Kc2 Bd4 55. c6 Ra3 56. c7 Ra2+ 57. Kb3 Rb2+ 58. Kc4 Ke3 59. Kd5
Rc2 60. Nc5 Bxc5 61. bxc5 Rd2+ 62. Kc6 {Black resigns} 1-0

[Event "Team 45 45 League T38"]
[Site "Internet Chess Club"]
[Date "2008.08.17"]
[Round "4"]
[White "Beetlejuice"]
[Black "Eskake"]
[Result "0-1"]
[WhiteElo "1935"]
[BlackElo "2037"]
[Opening "King's Indian: 5.Nf3"]
[ECO "E90"]
[Time "10:00:55"]
[TimeControl "2700+45"]

1. d4 Nf6 2. c4 g6 3. Nf3 Bg7 4. Nc3 d6 5. e4 O-O 6. h3 e5 7. d5 Nbd7 8. Bg5 h6
9. Be3 b6 10. g4 Nc5 11. Nd2 Nh7 12. b4 Nd7 13. h4 a5 14. a3 axb4 15. axb4 Rxa1
16. Qxa1 Ndf6 17. g5 Ng4 18. gxh6 Nxe3 19. fxe3 Bxh6 20. Ke2 Bg4+ 21. Kd3 Qf6
22. Rh2 Bxe3 23. Rg2 Bxd2 24. Kxd2 Bh3 25. Rg1 Bxf1 26. Rxf1 Qxh4 27. Qa7 Nf6
28. Qxc7 Nxe4+ 29. Nxe4 Qxe4 30. Qxd6 Qxc4 31. Rf6 Qd4+ 32. Ke2 Qe4+ 33. Kf2 Rc8
{White resigns} 0-1

[Event "Team 45 45 League T38"]
[Site "Internet Chess Club"]
[Date "2008.08.14"]
[Round "4"]
[White "Nureins"]
[Black "A-Ru"]
[Result "1-0"]
[WhiteElo "1904"]
[BlackElo "1843"]
[Opening "QGD: semi-Slav, Abrahams variation"]
[ECO "D31"]
[Time "07:19:05"]
[TimeControl "2700+45"]

1. d4 e6 2. c4 d5 3. Nc3 c6 4. Nf3 dxc4 5. a4 Bb4 6. e3 b5 7. Bd2 a5 8. axb5
Bxc3 9. Bxc3 cxb5 10. b3 Bb7 11. bxc4 b4 12. Bb2 Nf6 13. Bd3 Nbd7 14. O-O O-O
15. Re1 Re8 16. e4 e5 17. c5 exd4 18. Rc1 Bxe4 19. c6 Nb6 20. c7 Qd5 21. Bxe4
Nxe4 22. Bxd4 Nc8 23. Qa4 Ncd6 24. Rcd1 Qb5 25. Qa1 f6 26. Be3 Nc4 27. Nd4 Qb7
28. Bf4 Nc3 29. Rc1 Ne5 30. Rxc3 bxc3 31. Qxc3 Qb4 32. Qa1 Nd3 33. Rb1 Re1+ 34.
Rxe1 Qxe1+ 35. Qxe1 Nxe1 36. Nf5 Nd3 37. Be3 {Black resigns} 1-0